[Event "Live Chess"]
[Site "Chess.com"]
[Date "2021.03.17"]
[Round "4"]
[White "chessappeals"]
[Black "bigchampionofchess"]
[Result "1-0"]
[CurrentPosition "1K6/1B6/Q7/1k6/8/8/P7/8 b - -"]
[Timezone "UTC"]
[ECO "D05"]
[ECOUrl "https://www.chess.com/openings/Colle-System-3...e6"]
[UTCDate "2021.03.17"]
[UTCTime "03:00:59"]
[WhiteElo "1783"]
[BlackElo "1610"]
[TimeControl "2100+2"]
[Termination "chessappeals won by resignation"]
[StartTime "03:00:59"]
[EndDate "2021.03.17"]
[EndTime "04:11:52"]
[Link "https://www.chess.com/game/live/9689096135"]

1. d4 Nf6 2. Nf3 e6 3. e3 d5 4. Bd3 Be7 5. Nbd2 Nbd7 6. O-O O-O 7. e4 dxe4 8. Nxe4 Nxe4 9. Bxe4 Nf6 10. Bd3 c5 11. dxc5 Bxc5 12. Bg5 h6 13. Bh4 Be7 14. Qe2 Bd7 15. Ne5 Bc6 16. Nxc6 bxc6 17. Bxf6 Bxf6 18. Rfd1 Qc7 19. c3 a5 20. Qe4 g6 21. Qf3 Bg7 22. Be4 Rfc8 23. Rd2 Rd8 24. Rad1 Rxd2 25. Rxd2 Rc8 26. Qd3 Bf6 27. Qd7 Qxd7 28. Rxd7 Rb8 29. Rd2 c5 30. Kf1 a4 31. Rc2 Rd8 32. Ke2 Bg5 33. Bc6 a3 34. bxa3 Rd6 35. Bb5 Bf6 36. a4 Bd8 37. Rd2 Rxd2+ 38. Kxd2 Kf8 39. Kd3 Ke7 40. Kc4 Kd6 41. Be8 Ke7 42. Bc6 Kd6 43. Kb5 Kc7 44. Kxc5 Bf6 45. Be8 Bxc3 46. Bxf7 g5 47. Bxe6 Be1 48. f3 Bd2 49. Kb5 h5 50. a5 h4 51. a6 Kb8 52. Bd5 Ka7 53. Bb7 Be3 54. Kc4 Kb6 55. Kd3 Bf4 56. Ke4 Ka7 57. Kf5 Kb6 58. Kg4 Ka7 59. g3 hxg3 60. hxg3 Bd2 61. f4 gxf4 62. gxf4 Bc3 63. f5 Bf6 64. Kh5 Bd4 65. Kg6 Bc5 66. f6 Bb4 67. f7 Ba3 68. Kg7 Bb2+ 69. Kg8 Ba3 70. f8=Q Bxf8 71. Kxf8 Kb8 72. Ke7 Ka7 73. Kd6 Kb8 74. Kc6 Ka7 75. Kb5 Kb8 76. Kc6 Ka7 77. Kd7 Kb8 78. Kd8 Ka7 79. Kc8 Kb6 80. Kb8 Kb5 81. a7 Kb6 82. a8=Q Kb5 83. Qa6+ 1-0

[Event "Live Chess"]
[Site "Chess.com"]
[Date "2021.03.17"]
[Round "4"]
[White "heyitsroman"]
[Black "ppra06"]
[Result "1-0"]
[CurrentPosition "8/PN2k3/1K6/8/2B5/8/1P6/8 b - -"]
[Timezone "UTC"]
[ECO "D30"]
[ECOUrl "https://www.chess.com/openings/Queens-Gambit-Declined"]
[UTCDate "2021.03.17"]
[UTCTime "03:02:06"]
[WhiteElo "1716"]
[BlackElo "1445"]
[TimeControl "2100+2"]
[Termination "heyitsroman won on time"]
[StartTime "03:02:06"]
[EndDate "2021.03.17"]
[EndTime "04:16:20"]
[Link "https://www.chess.com/game/live/9689107241"]

1. d4 e6 2. c4 d5 3. cxd5 exd5 4. Nc3 Nf6 5. Bg5 c6 6. e3 h6 7. Bh4 Bf5 8. Qf3 Bg6 9. Bxf6 Qxf6 10. Qxf6 gxf6 11. Nh3 Bd6 12. g3 Nd7 13. Kd2 Nb6 14. Nf4 Bh7 15. Nh5 Ke7 16. Bh3 Nc4+ 17. Kc1 b5 18. Ng7 Rhg8 19. Nf5+ Bxf5 20. Bxf5 Rg5 21. g4 Bc7 22. h3 Nd6 23. Bd3 f5 24. f4 Rg7 25. Kc2 fxg4 26. hxg4 Rxg4 27. Rxh6 Rg2+ 28. Ne2 Nc4 29. Rxc6 Kd7 30. Rc5 Nxe3+ 31. Kb3 a6 32. Rac1 Bd6 33. R5c3 Nc4 34. a3 Bxf4 35. Rf1 Nd2+ 36. Ka2 Nxf1 37. Nxf4 Rf2 38. Nxd5 Kd6 39. Rc5 Rf3 40. Be4 Rg3 41. Ne3 Re8 42. Nxf1 Rg1 43. Nd2 Rd1 44. Bc6 Rc8 45. Ne4+ Kc7 46. Bxb5+ Kb8 47. Rxc8+ Kxc8 48. Bxa6+ Kd7 49. Bb5+ Ke6 50. Bc4+ Kf5 51. Nd6+ Kg6 52. Nxf7 Kf5 53. d5 Kf6 54. d6 Rxd6 55. Nxd6 Ke5 56. Nb7 Kd4 57. Kb3 Ke5 58. Kb4 Kf5 59. Kb5 Kg6 60. a4 Kg7 61. a5 Kf8 62. a6 Ke8 63. Kb6 Ke7 64. a7 1-0

[Event "Live Chess"]
[Site "Chess.com"]
[Date "2021.03.17"]
[Round "4"]
[White "kapilank"]
[Black "swimgrass"]
[Result "1-0"]
[CurrentPosition "r2qr2k/p1p1bN2/1p2pn2/6Q1/3P4/2PB1b2/PP3PPP/R5K1 b - -"]
[Timezone "UTC"]
[ECO "C10"]
[ECOUrl "https://www.chess.com/openings/French-Defense-Rubinstein-Variation-4.Nxe4"]
[UTCDate "2021.03.17"]
[UTCTime "03:01:29"]
[WhiteElo "1907"]
[BlackElo "1363"]
[TimeControl "2100+2"]
[Termination "kapilank won by checkmate"]
[StartTime "03:01:29"]
[EndDate "2021.03.17"]
[EndTime "03:24:53"]
[Link "https://www.chess.com/game/live/9689097939"]

1. e4 e6 2. d4 d5 3. Nd2 dxe4 4. Nxe4 Be7 5. Nf3 Nf6 6. Nxf6+ Bxf6 7. c3 Nd7 8. Bd3 Be7 9. O-O Nf6 10. Bf4 O-O 11. Re1 b6 12. Ne5 Bb7 13. Qc2 h6 14. Qd2 Re8 15. Bxh6 gxh6 16. Re3 Nh5 17. Rf3 Bxf3 18. Qxh6 Nf6 19. Qg5+ Kh8 20. Nxf7# 1-0

[Event "Live Chess"]
[Site "Chess.com"]
[Date "2021.03.17"]
[Round "4"]
[White "andrewaballantyne"]
[Black "dashrndrx"]
[Result "0-1"]
[CurrentPosition "1K6/q1r3p1/6k1/6P1/8/8/8/8 w - -"]
[Timezone "UTC"]
[ECO "C02"]
[ECOUrl "https://www.chess.com/openings/French-Defense-Advance-Paulsen-Attack-5...Qb6"]
[UTCDate "2021.03.17"]
[UTCTime "03:01:20"]
[WhiteElo "1206"]
[BlackElo "1815"]
[TimeControl "2100+2"]
[Termination "dashrndrx won by checkmate"]
[StartTime "03:01:20"]
[EndDate "2021.03.17"]
[EndTime "03:48:34"]
[Link "https://www.chess.com/game/live/9689098279"]

1. e4 e6 2. d4 d5 3. e5 c5 4. c3 Qb6 5. Nf3 Nc6 6. Bd3 Bd7 7. O-O cxd4 8. cxd4 Nxd4 9. Nxd4 Qxd4 10. Nc3 a6 11. Re1 Ne7 12. Bg5 Qb6 13. b3 Ng6 14. Na4 Bxa4 15. bxa4 Bc5 16. Qc2 O-O 17. Rab1 Qa7 18. h4 Bd4 19. Bxg6 hxg6 20. Be3 Bxe3 21. Rxe3 Rac8 22. Qd3 Rc4 23. Rh3 Rxa4 24. a3 b5 25. h5 Qd4 26. Qxd4 Rxd4 27. Rbb3 gxh5 28. Rxh5 f6 29. exf6 Rxf6 30. Re3 Kf7 31. Rhe5 Rd2 32. f3 d4 33. Re1 Ra2 34. R5e4 d3 35. Rd4 Rxa3 36. Re3 Rf5 37. Rdxd3 Rxd3 38. Rxd3 a5 39. Rd7+ Kf6 40. Kf2 b4 41. Rb7 Rc5 42. g4 Rc3 43. Rb5 Ra3 44. f4 b3 45. f5 exf5 46. Rxf5+ Kg6 47. Rb5 Ra2+ 48. Ke3 a4 49. Kd3 b2 50. Kc3 a3 51. Kc2 Ra1 52. Rb3 Rc1+ 53. Kd2 b1=Q 54. Rxb1 Rxb1 55. g5 a2 56. Kd3 a1=Q 57. Kc2 Rc1+ 58. Kb3 Rc3+ 59. Kb4 Qa3+ 60. Kb5 Rc5+ 61. Kb6 Qa5+ 62. Kb7 Rc7+ 63. Kb8 Qa7# 0-1

[Event "Live Chess"]
[Site "Chess.com"]
[Date "2021.03.17"]
[Round "4"]
[White "nycsheep"]
[Black "victor6688"]
[Result "1-0"]
[CurrentPosition "8/4K1R1/8/p5Qk/8/P7/8/8 b - -"]
[Timezone "UTC"]
[ECO "B01"]
[ECOUrl "https://www.chess.com/openings/Scandinavian-Defense-Modern-Variation"]
[UTCDate "2021.03.17"]
[UTCTime "03:01:31"]
[WhiteElo "1769"]
[BlackElo "1205"]
[TimeControl "2100+2"]
[Termination "nycsheep won by checkmate"]
[StartTime "03:01:31"]
[EndDate "2021.03.17"]
[EndTime "03:50:48"]
[Link "https://www.chess.com/game/live/9689098683"]

1. e4 d5 2. exd5 Nf6 3. Nf3 Nxd5 4. d4 Bg4 5. c4 Nf6 6. Be2 e6 7. h3 Bh5 8. Nc3 Bb4 9. O-O O-O 10. a3 Bxc3 11. bxc3 Ne4 12. Qc2 Nf6 13. Bg5 Nbd7 14. Ne5 Bxe2 15. Qxe2 Qe8 16. Rfe1 h6 17. Bh4 Nxe5 18. Bxf6 Ng6 19. Be5 c6 20. Bd6 Ne7 21. d5 Nf5 22. Bxf8 Qxf8 23. dxe6 fxe6 24. Qxe6+ Qf7 25. Qxf7+ Kxf7 26. Rad1 Re8 27. Rxe8 Kxe8 28. g4 Ne7 29. f4 Ng6 30. f5 Nf4 31. Kh2 Kf7 32. Rd7+ Kf6 33. Rxb7 a5 34. Rb6 Kg5 35. Kg3 Ne2+ 36. Kf3 Nxc3 37. Rxc6 h5 38. Rg6+ Kh4 39. Rxg7 hxg4+ 40. hxg4 Na4 41. Kf4 Kh3 42. Rh7+ Kg2 43. f6 Nc5 44. f7 Ne6+ 45. Ke5 Nf8 46. Rg7 Nd7+ 47. Ke6 Nc5+ 48. Ke7 Ne4 49. f8=Q Ng3 50. Qf4 Kh3 51. Qxg3+ Kxg3 52. c5 Kg2 53. c6 Kg3 54. c7 Kg2 55. c8=Q Kg3 56. Qc3+ Kh4 57. Rh7+ Kg5 58. Qe3+ Kxg4 59. Rg7+ Kh5 60. Qg5# 1-0

[Event "Live Chess"]
[Site "Chess.com"]
[Date "2021.03.17"]
[Round "4"]
[White "john_hartmann"]
[Black "Aeqetes"]
[Result "1-0"]
[CurrentPosition "8/p7/1pp1k3/4P2p/3K1Pp1/P2B2P1/1P5P/8 b - -"]
[Timezone "UTC"]
[ECO "D08"]
[ECOUrl "https://www.chess.com/openings/Queens-Gambit-Declined-Albin-Countergambit-3.dxe5-d4-4.Nf3-Nc6-5.a3"]
[UTCDate "2021.03.17"]
[UTCTime "03:01:34"]
[WhiteElo "1765"]
[BlackElo "1175"]
[TimeControl "2100+2"]
[Termination "john_hartmann won by resignation"]
[StartTime "03:01:34"]
[EndDate "2021.03.17"]
[EndTime "03:18:03"]
[Link "https://www.chess.com/game/live/9689099039"]

1. d4 d5 2. c4 e5 3. dxe5 d4 4. Nf3 Nc6 5. a3 Nge7 6. Nbd2 Ng6 7. Nb3 Ngxe5 8. Nxe5 Nxe5 9. Qxd4 Qxd4 10. Nxd4 Nxc4 11. e4 Be6 12. Nxe6 fxe6 13. Bxc4 Ke7 14. Be3 b6 15. Ke2 g6 16. Rhd1 Bg7 17. Bd4 Bxd4 18. Rxd4 Rhd8 19. Rad1 Rxd4 20. Rxd4 Rd8 21. Rxd8 Kxd8 22. Bxe6 Ke7 23. Bc4 h6 24. Ke3 Kf6 25. Kf4 g5+ 26. Ke3 Ke5 27. g3 g4 28. Be2 h5 29. f4+ Kf6 30. Kd4 c6 31. Bd3 Ke6 32. e5 1-0

[Event "Live Chess"]
[Site "Chess.com"]
[Date "2021.03.17"]
[Round "4"]
[White "GiorgosTsolias"]
[Black "dribbler23"]
[Result "1-0"]
[CurrentPosition "1r3rk1/p4pQp/3pp3/7q/3P4/8/PP3P1N/R1B3RK b - -"]
[Timezone "UTC"]
[ECO "B22"]
[ECOUrl "https://www.chess.com/openings/Sicilian-Defense-Alapin-Variation-2...d6"]
[UTCDate "2021.03.17"]
[UTCTime "03:01:43"]
[WhiteElo "1679"]
[BlackElo "1102"]
[TimeControl "2100+2"]
[Termination "GiorgosTsolias won by checkmate"]
[StartTime "03:01:43"]
[EndDate "2021.03.17"]
[EndTime "03:37:47"]
[Link "https://www.chess.com/game/live/9689099405"]

1. e4 c5 2. c3 d6 3. d4 cxd4 4. cxd4 Nf6 5. Nc3 g6 6. Bc4 Bg7 7. Qa4+ Bd7 8. Qb3 O-O 9. Qxb7 Bc6 10. Qb3 Nxe4 11. Nxe4 Bxe4 12. Bd5 Bxd5 13. Qxd5 Nd7 14. Nf3 Nf6 15. Qb7 Qd7 16. Qb3 Nh5 17. O-O Qg4 18. h3 Qf5 19. g4 Qe6 20. gxh5 Qxh3 21. hxg6 Qg4+ 22. Kh2 Qh5+ 23. Kg1 Qxg6+ 24. Kh1 Rab8 25. Qd5 Qg4 26. Rg1 Qh3+ 27. Nh2 e6 28. Qg5 Qh5 29. Qxg7# 1-0

[Event "Live Chess"]
[Site "Chess.com"]
[Date "2021.03.17"]
[Round "4"]
[White "night_breeze"]
[Black "shoshonte"]
[Result "1-0"]
[CurrentPosition "2B5/8/8/8/8/2K5/1Q6/k7 b - -"]
[Timezone "UTC"]
[ECO "C65"]
[ECOUrl "https://www.chess.com/openings/Ruy-Lopez-Opening-Berlin-Defense-4.d3-Bc5"]
[UTCDate "2021.03.17"]
[UTCTime "03:01:29"]
[WhiteElo "933"]
[BlackElo "1626"]
[TimeControl "2100+2"]
[Termination "night_breeze won by checkmate"]
[StartTime "03:01:29"]
[EndDate "2021.03.17"]
[EndTime "04:13:31"]
[Link "https://www.chess.com/game/live/9689100191"]

1. e4 e5 2. Nf3 Nc6 3. Bb5 Nf6 4. d3 Bc5 5. O-O Nd4 6. Nxd4 exd4 7. c3 dxc3 8. Nxc3 c6 9. Bc4 d6 10. d4 Bb6 11. Re1 O-O 12. Bg5 h6 13. Bh4 g5 14. Bg3 h5 15. Qd2 Nh7 16. f4 h4 17. Bf2 g4 18. f5 Kh8 19. Qh6 Qf6 20. Qxf6+ Nxf6 21. Bxh4 Bxd4+ 22. Bf2 Bxf2+ 23. Kxf2 Kg7 24. Rad1 d5 25. exd5 Bxf5 26. dxc6 bxc6 27. Re7 Rfe8 28. Rxf7+ Kg6 29. Rc7 Rh8 30. Rxc6 Rad8 31. Rxd8 Rxd8 32. Nd5 Rf8 33. Nxf6 Rxf6 34. Rxf6+ Kxf6 35. Kg3 a5 36. Be2 Kg5 37. b3 Be6 38. Bc4 Bf5 39. a3 Be4 40. b4 axb4 41. axb4 Bb7 42. b5 Bc8 43. Bd5 Kf6 44. b6 Ke5 45. Bc6 Kd6 46. Be4 Be6 47. b7 Kc7 48. Kf4 Bd7 49. Bf5 Bc6 50. Bc8 Bxg2 51. Kxg4 Be4 52. h4 Bd3 53. Kg5 Be4 54. h5 Bh7 55. h6 Be4 56. Kf6 Bh7 57. Kg7 Be4 58. h7 Bxh7 59. Kxh7 Kb8 60. Kg6 Kc7 61. Kf6 Kb8 62. Ke6 Kc7 63. Ke7 Kb8 64. Kd7 Ka7 65. Kc7 Ka6 66. b8=Q+ Ka5 67. Kc6 Ka4 68. Kc5 Ka3 69. Kc4 Ka2 70. Kc3 Ka1 71. Qb2# 1-0

[Event "Live Chess"]
[Site "Chess.com"]
[Date "2021.03.17"]
[Round "4"]
[White "MechAnjin"]
[Black "Bruce_Hedman"]
[Result "1-0"]
[CurrentPosition "8/2rR4/2P5/7k/4B2P/1P3PP1/P4K2/8 b - -"]
[Timezone "UTC"]
[ECO "A40"]
[ECOUrl "https://www.chess.com/openings/Queens-Pawn-Opening-Horwitz-Defense"]
[UTCDate "2021.03.17"]
[UTCTime "03:01:40"]
[WhiteElo "1622"]
[BlackElo "1032"]
[TimeControl "2100+2"]
[Termination "MechAnjin won by resignation"]
[StartTime "03:01:40"]
[EndDate "2021.03.17"]
[EndTime "03:51:48"]
[Link "https://www.chess.com/game/live/9689100581"]

1. d4 e6 2. Nf3 f5 3. c4 Nf6 4. Bg5 Be7 5. e3 O-O 6. Nc3 a6 7. Bd3 d6 8. O-O Qe8 9. e4 Nbd7 10. exf5 e5 11. dxe5 dxe5 12. Re1 Ng4 13. h3 Bxg5 14. Nxg5 Qh5 15. Ne6 Rf6 16. Qxg4 Qh6 17. Nd5 Rf7 18. Nexc7 Rb8 19. Ne6 Nf6 20. Nxf6+ Rxf6 21. Rxe5 Bd7 22. Rae1 Re8 23. Qg5 Bxe6 24. Qxh6 Rxh6 25. Rxe6 Rd8 26. Re8+ Rxe8 27. Rxe8+ Kf7 28. Rb8 Rb6 29. b3 g6 30. fxg6+ hxg6 31. Be4 Kf6 32. Rxb7 Re6 33. Bd5 Re2 34. Rb6+ Kg5 35. Rxa6 Kf4 36. g3+ Kg5 37. Kg2 Rd2 38. Bf7 Rd7 39. Bxg6 Rg7 40. h4+ Kh6 41. Be4+ Kh5 42. Ra5+ Kh6 43. Rd5 Re7 44. f3 Ra7 45. Rd2 Kh5 46. c5 Rg7 47. Kf2 Rf7 48. c6 Rc7 49. Rd7 1-0

[Event "Live Chess"]
[Site "Chess.com"]
[Date "2021.03.17"]
[Round "4"]
[White "rimus11"]
[Black "aanval22"]
[Result "1-0"]
[CurrentPosition "4k3/Q1p1q2p/p3p1pb/1p6/2r1P3/1N5P/1P4P1/1K1R1R2 b - -"]
[Timezone "UTC"]
[ECO "D08"]
[ECOUrl "https://www.chess.com/openings/Queens-Gambit-Declined-Albin-Countergambit...4.Nf3-Nc6-5.a3-Bg4"]
[UTCDate "2021.03.17"]
[UTCTime "03:03:48"]
[WhiteElo "1513"]
[BlackElo "1014"]
[TimeControl "2100+2"]
[Termination "rimus11 won by resignation"]
[StartTime "03:03:48"]
[EndDate "2021.03.17"]
[EndTime "03:57:43"]
[Link "https://www.chess.com/game/live/9689124297"]

1. d4 d5 2. c4 e5 3. dxe5 d4 4. Nf3 Nc6 5. a3 Bg4 6. Bf4 Nge7 7. Nbd2 Ng6 8. Bg3 Qe7 9. h3 Bf5 10. e4 dxe3 11. fxe3 Ngxe5 12. Qb3 O-O-O 13. O-O-O Nd3+ 14. Bxd3 Rxd3 15. Qb5 g6 16. e4 Bd7 17. Rhe1 a6 18. Qa4 Nd4 19. Qa5 Be6 20. Nxd4 Rxg3 21. Qe5 Rxa3 22. Qxh8 Ra1+ 23. Kc2 Ra4 24. Qe5 b5 25. Nxe6 fxe6 26. Qd4 Bh6 27. Qa7 Kd7 28. Nb3+ Ke8 29. Rf1 Rxc4+ 30. Kb1 1-0

[Event "Live Chess"]
[Site "Chess.com"]
[Date "2021.03.17"]
[Round "4"]
[White "GM_Fobby_Bischer"]
[Black "echecsmike"]
[Result "1-0"]
[CurrentPosition "4qk2/1Qb5/p5pp/P1P2p2/1P3P2/5RP1/7P/4BK2 b - -"]
[Timezone "UTC"]
[ECO "B12"]
[ECOUrl "https://www.chess.com/openings/Caro-Kann-Defense-Advance-Short-Variation-with-4-Nf3"]
[UTCDate "2021.03.17"]
[UTCTime "03:02:00"]
[WhiteElo "1165"]
[BlackElo "1446"]
[TimeControl "2100+2"]
[Termination "GM_Fobby_Bischer won by resignation"]
[StartTime "03:02:00"]
[EndDate "2021.03.17"]
[EndTime "03:27:19"]
[Link "https://www.chess.com/game/live/9689104207"]

1. e4 c6 2. d4 d5 3. e5 Bf5 4. Nf3 h6 5. Bd3 Bxd3 6. Qxd3 e6 7. Nbd2 Bb4 8. c3 Ba5 9. Nb3 Bb6 10. Be3 Nd7 11. a4 Ne7 12. O-O O-O 13. a5 Bc7 14. Nh4 a6 15. f4 f5 16. exf6 Rxf6 17. Nc5 Nxc5 18. dxc5 Qf8 19. g3 Nf5 20. Nxf5 exf5 21. Bd4 Re6 22. Rae1 Rae8 23. Rxe6 Rxe6 24. b4 Re4 25. Rf3 Qe8 26. c4 Re1+ 27. Kf2 Re4 28. cxd5 cxd5 29. Bc3 g6 30. Qxd5+ Kf8 31. Qxb7 Re2+ 32. Kf1 Re1+ 33. Bxe1 1-0

[Event "Live Chess"]
[Site "Chess.com"]
[Date "2021.03.17"]
[Round "4"]
[White "dum2020arEEEWS"]
[Black "sfdeals"]
[Result "0-1"]
[CurrentPosition "2k4r/1pp5/p1npp3/P7/R3P2p/6qP/1PP1N3/2N2r1K w - -"]
[Timezone "UTC"]
[ECO "C45"]
[ECOUrl "https://www.chess.com/openings/Scotch-Game-Classical-Potter-Variation-5...Bb6"]
[UTCDate "2021.03.17"]
[UTCTime "03:02:02"]
[WhiteElo "952"]
[BlackElo "1417"]
[TimeControl "2100+2"]
[Termination "sfdeals won by resignation"]
[StartTime "03:02:02"]
[EndDate "2021.03.17"]
[EndTime "03:40:01"]
[Link "https://www.chess.com/game/live/9689104597"]

1. e4 e5 2. Nf3 Nc6 3. d4 exd4 4. Nxd4 Bc5 5. Nb3 Bb6 6. Nc3 Nf6 7. Bg5 h6 8. Bh4 d6 9. Bc4 Be6 10. Bxe6 fxe6 11. O-O Qe7 12. Re1 O-O-O 13. a4 g5 14. Bg3 a6 15. a5 Ba7 16. Ra4 h5 17. h3 h4 18. Bh2 Rdg8 19. Nc1 g4 20. Kh1 Bxf2 21. Rf1 Bg3 22. Bg1 Qg7 23. Qd2 gxh3 24. gxh3 Bf4 25. Qf2 Nh5 26. Bh2 Bxh2 27. Kxh2 Qe5+ 28. Kh1 Ng3+ 29. Qxg3 Qxg3 30. Rf8+ Rxf8 31. N3e2 Rf1+ 0-1

[Event "Live Chess"]
[Site "Chess.com"]
[Date "2021.03.17"]
[Round "4"]
[White "Charvii"]
[Black "vincitore51745"]
[Result "1-0"]
[CurrentPosition "4Rr2/3r2k1/p4p1p/B5p1/Q7/2P2P2/1P4PP/5RK1 b - -"]
[Timezone "UTC"]
[ECO "B44"]
[ECOUrl "https://www.chess.com/openings/Sicilian-Defense-Taimanov-Variation"]
[UTCDate "2021.03.17"]
[UTCTime "03:02:08"]
[WhiteElo "1020"]
[BlackElo "826"]
[TimeControl "2100+2"]
[Termination "Charvii won by resignation"]
[StartTime "03:02:08"]
[EndDate "2021.03.17"]
[EndTime "03:40:25"]
[Link "https://www.chess.com/game/live/9689105001"]

1. e4 c5 2. Nf3 e6 3. d4 cxd4 4. Nxd4 Nc6 5. Bc4 a6 6. Nc3 Nf6 7. Bg5 Qc7 8. Nxc6 Qxc6 9. Qd3 b5 10. Bb3 Be7 11. a3 h6 12. Bh4 Bb7 13. f3 O-O 14. O-O d6 15. Rae1 g5 16. Bf2 Nd7 17. Ne2 Bf6 18. c3 Nc5 19. Qc2 Nxb3 20. Qxb3 Rad8 21. Nd4 Qc7 22. Bg3 e5 23. Nf5 Bg7 24. Nxg7 Kxg7 25. a4 d5 26. exd5 Bxd5 27. Qc2 bxa4 28. Bxe5+ f6 29. Bxc7 Rd7 30. Ba5 Bf7 31. Qxa4 Be8 32. Rxe8 1-0

[Event "Live Chess"]
[Site "Chess.com"]
[Date "2021.03.17"]
[Round "4"]
[White "ComfyQueso"]
[Black "JuditSztaray"]
[Result "0-1"]
[CurrentPosition "r6k/ppp2q2/6rp/8/5P2/6PK/7P/5B1R w - -"]
[Timezone "UTC"]
[ECO "D06"]
[ECOUrl "https://www.chess.com/openings/Queens-Gambit-Declined-Marshall-Defense-3.cxd5-Nxd5-4.e4"]
[UTCDate "2021.03.17"]
[UTCTime "03:04:12"]
[WhiteElo "739"]
[BlackElo "800"]
[TimeControl "2100+2"]
[Termination "JuditSztaray won by resignation"]
[StartTime "03:04:12"]
[EndDate "2021.03.17"]
[EndTime "03:25:02"]
[Link "https://www.chess.com/game/live/9689127781"]

1. d4 d5 2. c4 Nf6 3. cxd5 Nxd5 4. e4 Nf6 5. Nc3 e6 6. Nf3 Bb4 7. Bg5 O-O 8. e5 Bxc3+ 9. bxc3 h6 10. Bh4 g5 11. exf6 gxh4 12. Nxh4 Qxf6 13. Qg4+ Qg7 14. Qe4 Nc6 15. g3 e5 16. dxe5 Nxe5 17. f4 Ng4 18. Nf5 Bxf5 19. Qxf5 Qxc3+ 20. Ke2 Qxa1 21. Qxg4+ Kh8 22. Kf2 Qxa2+ 23. Kf3 Rg8 24. Qf5 Qa3+ 25. Kg2 Qa2+ 26. Kh3 Rg6 27. Qxf7 Qxf7 0-1